 Dungeon Crawl Stone Soup version 0.28-a0-556-gab23d0e057 (webtiles) character file.

Game seed: 4529433619313865570

10341 pokeman the Eclecticist (level 11, -10/60 HPs)
             Began as a Deep Elf Hedge Wizard on Sept 28, 2021.
             Was an Initiate of Vehumet.
             Mangled by a two-headed ogre (26 damage)
             ... on level 11 of the Dungeon on Sept 29, 2021.
             The game lasted 00:37:32 (13332 turns).

pokeman the Eclecticist (Deep Elf Hedge Wizard)    Turns: 13332, Time: 00:37:33

Health: -10/60     AC: 14    Str:  9    XL:     11   Next: 34%
Magic:  11/32      EV: 11    Int: 23    God:    Vehumet [......]
Gold:   1358       SH:  0    Dex: 14    Spells: 18/40 levels left

rFire   . . .      SeeInvis .   M - +2 scimitar (flame)
rCold   . . .      Faith    .   (no shield)
rNeg    + . .      Spirit   .   N - +0 swamp dragon scales
rPois   +          Reflect  .   x - +0 helmet
rElec   .          Harm     .   S - +2 cloak {rPois}
rCorr   +          Rampage  .   A - +0 pair of gloves "Wecoowub" {rPois Regen+ rCorr}
Will    +....                   p - +0 pair of boots
Stlth   ++........              r - amulet of regeneration
HPRegen 2.20/turn               g - ring of positive energy
MPRegen 0.23/turn               H - ring "Xopyrurch" {Wiz Str+2 Slay+3}

@: no status effects
A: no striking features
a: Renounce Religion


You were on level 11 of the Dungeon.
You worshipped Vehumet.
Vehumet was noncommittal.
You visited 2 branches of the dungeon, and saw 12 of its levels.

You collected 1423 gold pieces.
You spent 65 gold pieces at shops.

Inventory:

Hand Weapons
 y - a +0 shortbow
 M - a +2 scimitar of flaming (weapon)
 Q - a +0 hand crossbow
Missiles
 m - 202 arrows
 C - 85 bolts
Armour
 p - a +0 pair of boots (worn)
 s - a +0 kite shield
 u - a +2 leather armour of cold resistance
 x - a +0 helmet (worn)
 A - the +0 pair of gloves "Wecoowub" (worn) {rPois Regen+ rCorr}
   (You acquired it on level 9 of the Dungeon)

   rPois:     It protects you from poison.
   Regen:     It increases your rate of health regeneration.
   rCorr:     It protects you from acid and corrosion.
 N - +0 swamp dragon scales (worn)
 P - +0 acid dragon scales
 S - a +2 cloak of poison resistance (worn)
Jewellery
 g - a ring of positive energy (left hand)
 j - a ring of resist corrosion
 r - an amulet of regeneration (around neck)
 H - the ring "Xopyrurch" (right hand) {Wiz Str+2 Slay+3}
   (You acquired it on level 9 of the Dungeon)

   [ring of wizardry]

   It improves your spell success rate.
   Str:       It affects your strength (+2).
   Slay:      It affects your accuracy & damage with ranged weapons and melee
   (+3).
 I - a ring of ice
 O - an amulet of the acrobat
Wands
 t - a wand of iceblast (38)
 z - a wand of charming (4)
 F - a wand of flame (49)
 G - a wand of acid (8)
 R - a wand of digging (2)
 T - a wand of polymorph (7)
Scrolls
 b - a scroll of teleportation
 f - a scroll of torment
 h - 3 scrolls of fog
 l - 2 scrolls of brand weapon
 o - 3 scrolls of immolation
 q - 2 scrolls of enchant weapon
 D - 3 scrolls of amnesia
 E - a scroll of blinking
 J - a scroll of magic mapping
 K - a scroll of fear {unknown}
 L - a scroll of vulnerability {unknown}
 U - a scroll of enchant armour {unknown}
Potions
 a - a potion of might
 c - a potion of magic {unknown}
 d - 3 potions of attraction
 e - 6 potions of flight {unknown}
 i - 6 potions of curing
 k - 3 potions of lignification {unknown}
 n - a potion of heal wounds {unknown}
 v - a potion of invisibility {unknown}
 w - 3 potions of degeneration {unknown}
 B - a potion of cancellation


   Skills:
 + Level 3.5 Fighting
 - Level 4.0 Armour
 - Level 3.0 Dodging
 - Level 3.1 Stealth
 - Level 3.0 Shields
 * Level 15.2 Spellcasting
 + Level 8.9 Conjurations
 - Level 1.1 Summonings
 - Level 1.1 Translocations
 - Level 1.2 Fire Magic
 - Level 1.2 Air Magic
 + Level 8.1 Earth Magic
 - Level 1.0 Poison Magic
 - Level 1.0 Evocations


You had 18 spell levels left.
You knew the following spells:

 Your Spells              Type           Power      Damage    Failure   Level
a - Magic Dart            Conj           100%       1d8       1%          1
b - Mephitic Cloud        Conj/Pois/Air  34%        N/A       2%          3
c - Call Imp              Summ           22%        N/A       3%          2
d - Blink                 Tloc           N/A        N/A       3%          2
e - Conjure Flame         Conj/Fire      40%        6-21      1%          3
f - Stone Arrow           Conj/Erth      100%       3d13      1%          3
g - Lehudib's Crystal Sp  Conj/Erth      27%        10d7      99%         8

Your spell library contained the following spells:

 Spells                   Type           Power      Damage    Failure   Level
 Static Discharge         Conj/Air       40%        N/A       1%          2
 Beastly Appendage        Tmut           34%        N/A       3%          1
 Corpse Rot               Necr/Air       N/A        N/A       4%          2
 Slow                     Hex            17%        N/A       5%          2
 Wereblood                Tmut           17%        N/A       5%          2
 Animate Armour           Summ/Erth      76%        N/A       5%          4
 Lesser Beckoning         Tloc           22%        N/A       7%          3
 Portal Projectile        Hex/Tloc       40%        N/A       9%          3
 Spider Form              Tmut/Pois      9%         N/A       9%          3
 Dispel Undead            Necr           17%        3d10      32%         4
 Manifold Assault         Tloc           22%        N/A       50%         5
 Blade Hands              Tmut           8%         N/A       65%         5
 Excruciating Wounds      Necr           8%         N/A       65%         5
 Spellforged Servitor     Conj/Summ      20%        N/A       97%         7
 Death Channel            Necr           8%         N/A       99%         6


Dungeon Overview and Level Annotations

Branches:
Dungeon (11/15)            Temple (1/1) D:4            Lair (0/6) D:8
    Orc: D:9-12

Altars:
Ashenzari
Cheibriados
Dithmenos
Elyvilon
Fedhas
Gozag
Hepliaklqana
Kikubaaqudgha
Makhleb
Nemelex Xobeh
Okawaru
Qazlal
Ru
Sif Muna
Trog
Uskayaw
Vehumet
Wu Jian
Xom
Yredelemnul
Zin
The Shining One

Shops:
D:3 ?   D:10 !


Message History

The vampire mosquito draws strength from your injuries!
The vampire mosquito is engulfed in blazing flames.
The vampire mosquito bites you.
The vampire mosquito draws strength from your injuries!
Unknown command.
You closely miss the vampire mosquito.
The vampire mosquito is heavily damaged.
The vampire mosquito is engulfed in blazing flames.
The vampire mosquito barely misses you.
The orc priest mumbles some strange prayers to Beogh against you.
Beogh smites you!
The vampire mosquito is engulfed in blazing flames.
The vampire mosquito bites you but does no damage.
Unknown command.
You completely miss the vampire mosquito.
The vampire mosquito is almost destroyed.
The vampire mosquito is engulfed in blazing flames.
You destroy the vampire mosquito!
Vehumet accepts your kill.
The two-headed ogre is engulfed in blazing flames.
Unknown command.
Unknown command.
The two-headed ogre is engulfed in blazing flames.
Things that are here:
a +0 giant club; a +0 giant spiked club; a two-headed ogre corpse
Casting: Stone Arrow (safe; 1% risk of failure)
Confirm with . or Enter, or press ? or * to list all spells.
Aiming: Mephitic Cloud (dangerous; 2% risk of failure)
Press: ? - help, Shift-Dir - straight line, f - two-headed ogre
Aim: a two-headed ogre, wielding a +0 giant spiked club and a +0 giant club (moderately wounded, chance to affect: 53%)
The ball explodes into a vile cloud!
The stinking cloud engulfs the two-headed ogre but does no damage.
The two-headed ogre is moderately wounded.
The stinking cloud engulfs you but does no damage.
You hear a shout! x3
The two-headed ogre is engulfed in noxious fumes.
The two-headed ogre hits you with a +0 giant spiked club!
* * * LOW HITPOINT WARNING * * *
The two-headed ogre hits you with a +0 giant club!!
You die...

##.. .........
..... #......
.....##....#
.......$...##.)
......ooo......
#######§######.
#§# #O#
...####@#
........#
..#####<#
#.....#
..#.###.. ..
..## ###


You could see a two-headed ogre, 2 orc priests and an orc.

Vanquished Creatures
  A boulder beetle (D:8)
  2 two-headed ogres
  Maurice (D:9)
  Maggie (D:8)
  A komodo dragon (D:9)
  A tengu conjurer (D:8)
  A troll (D:9)
  7 yaks
  A shadow (D:10)
  A wyvern (D:9)
  2 vampire mosquitoes (D:11)
  2 wargs (D:11)
  An acid dragon (D:9)
  5 water moccasins
  4 orc warriors
  4 black bears
  A necrophage (D:5)
  2 sky beasts
  3 ogres
  6 centaurs
  A phantom (D:5)
  3 kobold brigands
  Blork the orc (D:5)
  6 scorpions
  4 bullfrogs (D:8)
  A wyvern zombie (D:9)
  A water moccasin zombie (D:5)
  5 killer bees (D:8)
  4 howler monkeys
  3 vampire bats (D:6)
  A bullfrog zombie (D:5)
  3 centaur zombies
  2 hounds (D:7)
  4 jellies
  5 orc priests
  Ijyb (D:5)
  A bullfrog skeleton (D:4)
  2 iguanas
  7 orc wizards
  A hound skeleton (D:5)
  A howler monkey zombie (D:8)
  A howler monkey skeleton (D:7)
  3 gnolls (D:8)
  3 adders (D:2)
  2 white imps (D:6)
  2 adder skeletons (D:4)
  2 worms
  A dart slug (D:3)
  35 orcs
  9 ball pythons
  8 bats
  7 endoplasms
  3 giant cockroaches
  5 goblins
  10 hobgoblins
  5 quokkas
  A frilled lizard (D:1)
  21 kobolds
  4 rats
226 creatures vanquished.

Vanquished Creatures (collateral kills)
  An adder skeleton (D:4)
1 creature vanquished.

Vanquished Creatures (others)
  35 fungi (D:8)
  39 plants (D:8)
74 creatures vanquished.

Grand Total: 301 creatures vanquished

Notes
Turn   | Place    | Note
-------+----------+-------------------------------------------
     0 | D:1      | pokeman the Deep Elf Hedge Wizard began the quest for the
                  | Orb.
     0 | D:1      | Reached XP level 1. HP: 10/10 MP: 7/7
   193 | D:1      | Reached XP level 2. HP: 16/16 MP: 2/9
   304 | D:1      | Found a faded altar of an unknown god.
  1148 | D:2      | Reached skill level 5 in Spellcasting
  1148 | D:2      | Reached XP level 3. HP: 20/20 MP: 5/11
  1152 | D:2      | Learned a level 3 spell: Mephitic Cloud
  1155 | D:2      | Learned a level 2 spell: Call Imp
  1158 | D:2      | Learned a level 2 spell: Blink
  1162 | D:2      | Learned a level 3 spell: Conjure Flame
  1246 | D:2      | Found a basalt altar of Yredelemnul.
  1365 | D:2      | Reached skill level 1 in Fighting
  1477 | D:2      | Reached skill level 1 in Armour
  1595 | D:2      | Noticed an ogre
  1626 | D:2      | HP: 1/20 [ogre (19)]
  1641 | D:2      | Killed an ogre
  1642 | D:2      | Reached skill level 6 in Spellcasting
  1642 | D:2      | Reached skill level 1 in Fire Magic
  1642 | D:2      | Reached XP level 4. HP: 3/25 MP: 1/14
  1939 | D:2      | Reached XP level 5. HP: 29/29 MP: 3/15
  2854 | D:3      | Found a sacrificial altar of Ru.
  3124 | D:3      | Found Ziuwor's Magic Scroll Emporium.
  3128 | D:3      | Bought a scroll of identify for 26 gold pieces
  3128 | D:3      | Bought a scroll of teleportation for 39 gold pieces
  3698 | D:4      | Reached skill level 1 in Air Magic
  4096 | D:4      | Reached XP level 6. HP: 34/34 MP: 13/17
  4210 | D:4      | Reached skill level 7 in Spellcasting
  4210 | D:4      | Reached skill level 1 in Poison Magic
  4210 | D:4      | Reached skill level 1 in Evocations
  4214 | D:4      | Learned a level 3 spell: Stone Arrow
  4647 | D:4      | Reached skill level 1 in Earth Magic
  4915 | D:4      | Reached skill level 1 in Shields
  4915 | D:4      | Reached XP level 7. HP: 38/38 MP: 8/20
  5121 | D:4      | Found a staircase to the Ecumenical Temple.
  5130 | Temple   | Entered the Ecumenical Temple
  5466 | D:4      | Reached skill level 8 in Spellcasting
  5754 | D:5      | Entered Level 5 of the Dungeon
  5820 | D:5      | Noticed Blork the orc
  5832 | D:5      | Killed Blork the orc
  6232 | D:5      | Reached XP level 8. HP: 43/43 MP: 16/22
  6478 | D:5      | Noticed Ijyb
  6488 | D:5      | Found a hide-covered altar of Uskayaw.
  6507 | D:5      | Reached skill level 9 in Spellcasting
  6528 | D:5      | Reached skill level 5 in Conjurations
  6843 | D:5      | Reached skill level 10 in Spellcasting
  6932 | D:5      | Killed Ijyb
  7428 | D:6      | Found a burning altar of Makhleb.
  7460 | D:6      | Reached XP level 9. HP: 47/47 MP: 19/25
  7574 | D:6      | Got Memegg's Collected Works on Arcane Weapons
  7901 | D:6      | Reached skill level 11 in Spellcasting
  8259 | D:7      | Reached skill level 5 in Earth Magic
  8592 | D:7      | Found a shimmering blue altar of Sif Muna.
  8592 | D:7      | Found a shimmering altar of Xom.
  8808 | D:7      | Noticed a two-headed ogre
  8839 | D:7      | Killed a two-headed ogre
  8840 | D:7      | Reached skill level 12 in Spellcasting
  9528 | D:8      | Reached XP level 10. HP: 51/55 MP: 24/28
  9747 | D:8      | Found a staircase to the Lair.
  9878 | D:8      | Reached skill level 13 in Spellcasting
 10363 | D:8      | Noticed a boulder beetle
 10376 | D:8      | Noticed Maggie
 10481 | D:8      | Killed Maggie
 10610 | D:8      | Learned a level 8 spell: Lehudib's Crystal Spear
 10643 | D:8      | Found a glowing golden altar of the Shining One.
 10731 | D:8      | Killed a boulder beetle
 11086 | D:9      | Reached skill level 14 in Spellcasting
 11240 | D:9      | Identified 3 scrolls of acquirement
 11243 | D:9      | Acquired 885 gold pieces
 11244 | D:9      | Acquired the +0 pair of gloves "Wecoowub" {rPois Regen+
                  | rCorr}
 11245 | D:9      | Acquired the ring "Xopyrurch" {Wiz Str+2 Slay+3}
 11272 | D:9      | Identified the +2 ring mail "Yliabu" {rElec rN++ Dex+4}
 11327 | D:9      | Found an opulent altar of Gozag.
 11889 | D:9      | Noticed Maurice
 11897 | D:9      | Killed Maurice
 12092 | D:9      | Reached XP level 11. HP: 60/60 MP: 29/31
 12388 | D:10     | Entered Level 10 of the Dungeon
 12741 | D:10     | Found an ornate altar of the Wu Jian Council.
 12742 | D:10     | Found a radiant altar of Vehumet.
 12752 | D:10     | Became a worshipper of Vehumet
 12874 | D:10     | Found Myusoc's Distillery.
 13213 | D:11     | Noticed a seven-headed hydra
 13319 | D:11     | Noticed a two-headed ogre
 13320 | D:11     | Noticed a two-headed ogre
 13327 | D:11     | Killed a two-headed ogre
 13328 | D:11     | Reached skill level 15 in Spellcasting
 13332 | D:11     | Mangled by a two-headed ogre

Illustrated notes

Levels and vault maps discovered:
D:1:      amcnicky_arrival_single_pillar, layout_rooms,
          dreamdust_ecumenical_altar_statues, bh_walls_and_bars
D:2:      minmay_general_purpose_star, layout_loops_ring, basic_altar
D:3:      layout_loops_corners, general_overflow_altar, serial_shops, shop
D:4:      layout_basic, minmay_temple_entry_overgrown, minmay_close_crescents
D:5:      layout_basic, eat_drink_and_be_merry_uskayaw,
          chequers_serial_rivers_micro_d, uniq_ijyb, uniq_blork_the_orc
D:6:      layout_cave_pools, mainiacjoe_overflow_catwalk, roderic_batcave,
          minmay_misc_feat_tiny
D:7:      layout_layer_cave, gammafunk_temple_overflow_wave
D:8:      layout_loops_ring, tso_oasis_becter, due_lair_maze_entry_diamond,
          chequers_serial_rivers_room_a, minmay_misc_feat_pillars, uniq_maggie
D:9:      layout_long_grid, mainiacjoe_overflow_alcove_4, roderic_lattice_a,
          uniq_maurice
D:10:     layout_gridville, minitemple, serial_shops, nicolae_lakefront_shop
D:11:     layout_basic, erik_orc_4, serial_shops, kennysheep_mini,
          serial_co_window_serial, co_window_corner_a, co_window_paths_b,
          co_window_corner_a, co_window_corner_a, co_window_paths_a,
          co_window_of_opportunity_a, co_window_corner_a, co_window_corner_b,
          co_window_corner_b, co_window_2corner, co_window_corner_ca,
          co_window_unsneaky_path_e, co_window_2corner, glass_columns_a,
          glass_columns_a, led_sif_book
Temple:   nicolae_temple_figure_eight

Skill      XL: |  1  2  3  4  5  6  7  8  9 10 11 |
---------------+----------------------------------+-----
Spellcasting   | 5 6 7 8 10 12 14 15 | 15.2
Fighting       | 1 2 3 |  3.5
Armour         | 1 2 3 4 |  4.0
Dodging        | 3 |  3.0
Conjurations   | 2 3 4 5 7 8 |  8.9
Fire Magic     | 1 |  1.2
Stealth        | 3 |  3.1
Air Magic      | 1 |  1.2
Poison Magic   | 1 |  1.0
Evocations     | 1 |  1.0
Earth Magic    | 1 2 4 6 7 8 |  8.1
Shields        | 1 2 3 |  3.0
Summonings     | |  1.1
Translocations | |  1.1

Action                   |  1- 3 |  4- 6 |  7- 9 | 10-12 || total
-------------------------+-------+-------+-------+-------++-------
Melee: Dagger            |     9 |       |       |       ||     9
       Hand axe          |     1 |    32 |    14 |       ||    47
       Mace              |       |       |    62 |    35 ||    97
       Scimitar          |       |       |       |    26 ||    26
 Cast: Magic Dart        |    84 |   127 |   193 |    61 ||   465
       Mephitic Cloud    |     1 |     7 |    16 |    22 ||    46
       Call Imp          |     1 |     1 |     5 |     5 ||    12
       Conjure Flame     |       |     5 |    26 |    25 ||    56
       Blink             |       |     3 |     5 |     2 ||    10
       Stone Arrow       |       |       |       |    58 ||    58
Evoke: Wand              |       |       |       |     2 ||     2
  Use: Scroll            |       |       |     7 |    10 ||    17
 Stab: Confused          |       |       |     2 |     3 ||     5
Armor: Robe              |     2 |       |       |       ||     2
       Leather armour    |       |    15 |    53 |    24 ||    92
       Swamp dragon scal |       |       |       |    34 ||    34
Dodge: Dodged            |    14 |    51 |    88 |    87 ||   240

Table legend: (Time is in decaauts)
 A = Elapsed time spent in this place.
 B = Non-inter-level travel time spent in this place.
 C = Inter-level travel time spent in this place.
 D = Time resting spent in this place.
 E = Time spent auto-exploring this place.
 F = Levels seen in this place.
 G = Mean time per level.
                   A        B        C        D        E       F      G
               +--------+--------+--------+--------+--------+-----+--------+
         Total |  13394 |  12926 |    468 |   1151 |   9591 |  12 | 1116.2 |
       Dungeon |  13174 |  12717 |    457 |   1151 |   9384 |  11 | 1197.6 |
        Temple |    219 |    208 |     11 |      0 |    207 |   1 |  219.0 |
               +--------+--------+--------+--------+--------+-----+--------+

Top non-repeatable levels by time:
     D:8: 1690 daAuts
     D:4: 1677 daAuts
     D:9: 1464 daAuts
     D:2: 1456 daAuts
     D:3: 1402 daAuts
     D:7: 1331 daAuts
     D:5: 1276 daAuts
     D:1: 1136 daAuts
     D:6: 923 daAuts
    D:10: 750 daAuts
  Temple: 219 daAuts
    D:11: 65 daAuts
